 Dungeon Crawl Stone Soup version 0.25-a0-41-g6cf4ce5 (webtiles) character file.

Game seed: 13455190912145211958, levelgen mode: deterministic

38 2tousent the Slasher (level 3, -3/29 HPs)
             Began as a Demonspawn Monk on Oct 20, 2019.
             Was a Believer of Ashenzari.
             Killed from afar by an orc wizard (11 damage)
             ... with a puff of frost
             ... on level 2 of the Dungeon.
             The game lasted 00:04:15 (1001 turns).

2tousent the Slasher (Demonspawn Monk)              Turns: 1001, Time: 00:04:16

Health: -3/29      AC: 11    Str: 12    XL:     3   Next: 25%
Magic:  3/3        EV:  6    Int: 11    God:    Ashenzari [**....]
Gold:   58         SH:  0    Dex: 15    Spells: 2/2 levels left

rFire    . . .     SeeInvis .   a - +0 falchion
rCold    . . .     Gourm    .   (no shield)
rNeg     . . .     Faith    .   g - +0 chain mail
rPois    .         Spirit   .   d - +2 helmet
rElec    .         Reflect  .   (no cloak)
rCorr    .         Harm     .   (no gloves)
MR       .....                  (no boots)
Stlth    ..........             (no amulet)
HPRegen  0.09/turn              (no ring)
MPRegen  0.08/turn              (no ring)

@: no status effects
A: spiny 1
a: Curse Item, Scrying, Renounce Religion


You were on level 2 of the Dungeon.
You worshipped Ashenzari.
Ashenzari was pleased with you.
You were not hungry.

You visited 1 branch of the dungeon, and saw 2 of its levels.

You collected 58 gold pieces.

Inventory:

Hand Weapons
 a - a +0 falchion (weapon)
Armour
 b - a +0 robe
 d - a +2 helmet (worn)
 g - a +0 chain mail (worn)
Scrolls
 h - a scroll of remove curse
Potions
 e - a potion of lignification
 i - a potion of degeneration {unknown}
Comestibles
 c - 3 rations


   Skills:
 - Level 3.0 Fighting
 * Level 4.0 Long Blades
 - Level 2.6 Dodging
 - Level 1.7 Stealth


You had 2 spell levels left.
You didn't know any spells.
Your spell library was empty.

Dungeon Overview and Level Annotations

Branches:
Dungeon (2/15)

Altars:
Ashenzari
Nemelex Xobeh


Innate Abilities, Weirdness & Mutations

You are partially covered in sharp spines.


Message History

The magic dart hits you.
You hit something but do no damage.
You hear some strange, mumbled words.
A puff of flame appears from out of thin air!
The puff of flame hits you but does no damage.
The orc hits you but does no damage. Something hits you but does no damage.
You miss something. Something hits you but does no damage.
The orc is struck by your spines. The orc closely misses you.
You see here a +0 hand axe.
You hear some strange, mumbled words.
A puff of frost appears from out of thin air!
The puff of frost hits you!
* * * LOW HITPOINT WARNING * * *
Things that are here:
a +0 dagger; a +0 robe You miss something.
Something completely misses you.
You hear some strange, mumbled words.
A puff of frost appears from out of thin air!
The puff of frost hits you!
You die...

* ** #...# #.# * *
#...# #.# * *
##...#####.# , ,
*,* #..........#
,, #.#..#####.# *
#.#..# #.# , #,
#.#..#####.##
#.####.#...).....#
,
#..@{o....#####..#
* * #..###.##.##
#..# .....
#..⌠.⌠####..#
#####.
*#..._...##..# #.
...#⌠.⌠#.##.)#
#.######.##.###.#
* #. #........# #.
####.##### * #.#


You could see an orc.

Vanquished Creatures
  An orc wizard (D:2)
  A leopard gecko (D:1)
  An orc (D:2)
  2 hobgoblins
  2 kobolds (D:1)
  A frilled lizard (D:1)
8 creatures vanquished.

Notes
Turn   | Place    | Note
-------+----------+-------------------------------------------
     0 | D:1      | 2tousent the Demonspawn Monk began the quest for the Orb.
     0 | D:1      | Reached XP level 1. HP: 18/18 MP: 1/1
   328 | D:1      | Found a shattered altar of Ashenzari.
   617 | D:1      | Reached skill level 3 in Long Blades
   733 | D:1      | Became a worshipper of Ashenzari the Shackled
   733 | D:1      | Reached * piety under Ashenzari
   733 | D:1      | Reached ** piety under Ashenzari
   950 | D:2      | Gained mutation: You are partially covered in sharp spines.
                  | [demonic ancestry]
   950 | D:2      | Reached XP level 2. HP: 24/24 MP: 2/2
   965 | D:2      | Found a sparkling altar of Nemelex Xobeh.
   991 | D:2      | Reached skill level 4 in Long Blades
   991 | D:2      | Reached XP level 3. HP: 17/29 MP: 3/3
  1001 | D:2      | Killed from afar by an orc wizard

Levels and vault maps discovered:
D:1:      minmay_arrival_shattered_statue, layout_basic, ashenzari_altar_1
D:2:      layout_basic, overflow_temple_1_default,
          nemelex_xobeh_ov_fountains_minmay,
          chequers_temple_overflow_statue_of_worship, kennysheep_generic_room_6

Skill      XL: |  1  2 |
---------------+-------+-----
Long Blades    | 3 4 |  4.0
Fighting       | |  3.0
Dodging        | |  2.6
Stealth        | |  1.7

Action                   || total
-------------------------++-------
Melee: Falchion          ||    35
  Use: Scroll            ||     1
 Stab: Sleeping          ||     1
Armor: Chain mail        ||    31
Dodge: Dodged            ||    13
       Rpst.: Falchion   ||     3

Table legend:
 A = Non-vault XP
 B = Vault XP
 C = Vault XP percentage of total XP
 D = Non-vault monster count
 E = Vault monster count
 F = Vault count percentage of total count
                 A         B        C        D         E       F
            +---------+---------+-------+---------+---------+-------
      Total |      55 |       0 |   0.0 |       8 |       0 |   0.0
            +---------+---------+-------+---------+---------+-------
        D:1 |      10 |       0 |   0.0 |       5 |       0 |   0.0
        D:2 |      45 |       0 |   0.0 |       3 |       0 |   0.0
            +---------+---------+-------+---------+---------+-------
